 Dungeon Crawl Stone Soup version 0.18-a0-816-g97f838e (webtiles) character file.

59052 JokEr the Fighter (level 14, -1/108 HPs)
             Began as an Octopode Fighter on Dec 15, 2015.
             Was an Elder of Okawaru.
             Slain by a wasp (8 damage)
             ... on level 8 of the Lair of Beasts.
             The game lasted 01:21:59 (28807 turns).

JokEr the Fighter (Octopode Fighter)               Turns: 28807, Time: 01:22:00

Health: -1/108     AC:  6    Str: 19    XL:     14   Next: 93%
Magic:  0/29       EV: 17    Int: 10    God:    Okawaru [****..]
Gold:   1204       SH:  0    Dex: 13    Spells: 0 memorised, 13 levels left

rFire  . . .     SeeInvis +     R - +2 great mace (protect)
rCold  . . .     Clarity  .     (shield currently unavailable)
rNeg   . . .     SustAt   .     (helmet restricted)
rPois  +         Gourm    .     s - amulet of guardian spirit
rElec  .         Spirit   +     r - +5 ring of slaying
rCorr  .         Dismiss  .     c - ring of poison resistance
rMut   .         Stasis   .     m - ring of magical power
MR     +....                    u - ring of see invisible
Stlth  +++++.....               (no ring)
                                (no ring)
                                (no ring)
                                (no ring)

@: somewhat resistant to hostile enchantments, quite stealthy
A: almost no armour, amphibious, 8 rings, constrict 8, camouflage 1, gelatinous
body 1
a: Heroism, Renounce Religion


You were on level 8 of the Lair of Beasts.
You worshipped Okawaru.
Okawaru was greatly pleased with you.
You were not hungry.

You visited 3 branches of the dungeon, and saw 20 of its levels.
You also visited: Sewer.

You collected 1204 gold pieces.

Inventory:

Hand Weapons
 C - the +3 hand axe "Xyump" {venom, rF+ rC+ Str+4}
   (Okawaru gifted it to you on level 4 of the Lair of Beasts)

   It poisons the flesh of those it strikes.
   It affects your strength (+4).
   It protects you from fire.
   It protects you from cold.
 N - a +1 executioner's axe of chopping
 R - a +2 great mace of protection (weapon)
Armour
 Q - a +5 shield of resistance
Jewellery
 c - a ring of poison resistance (right tentacle)
 m - a ring of magical power (on tentacle)
 r - a +5 ring of slaying (left tentacle)
 s - an amulet of guardian spirit (around mantle)
 u - a ring of see invisible (on tentacle)
 A - an uncursed amulet of faith
Wands
 b - a wand of digging (14)
 k - a wand of draining (10)
 n - a wand of enslavement (16)
 q - a wand of fireball (10)
 t - a wand of polymorph (20)
 v - a wand of slowing (24)
 w - a wand of slowing (15)
 y - a wand of confusion (13)
 z - a wand of frost (0)
 D - a wand of slowing (18)
 G - a wand of draining (6)
 K - a wand of paralysis (7)
 S - a wand of draining (10)
 T - a wand of draining (9)
 U - a wand of lightning (10)
 V - a wand of lightning (1)
Scrolls
 e - 4 scrolls of identify
 B - 2 scrolls of enchant armour
 E - 8 scrolls of recharging
 H - 2 scrolls of fog
 I - 4 scrolls of amnesia
 L - 3 scrolls of fear
 M - a scroll of magic mapping
 O - 8 scrolls of remove curse
Potions
 a - 2 potions of flight
 f - a potion of resistance {unknown}
 h - a potion of cancellation {unknown}
 i - 5 potions of agility
 p - 2 potions of invisibility
 x - a potion of haste
 J - a potion of curing
Books
 g - an Akashic Record

   Spells                             Type                      Level
   a - Dispersal                      Translocation                6
   b - Malign Gateway                 Summoning/Translocation      7
   c - Disjunction                    Translocation                8
   d - Controlled Blink               Translocation                8
Miscellaneous
 P - a sack of spiders
Comestibles
 d - 4 bread rations
 l - 13 meat rations


   Skills:
 + Level 14.4 Fighting
 + Level 14.1(14.2) Axes
 - Level 3.0(9.9) Maces & Flails
 - Level 9.6 Dodging
 - Level 8.2 Stealth
 - Level 9.3 Shields
 + Level 8.4 Evocations


You had 13 spell levels left.
You didn't know any spells.

Dungeon Overview and Level Annotations

Branches:
Dungeon (11/15)            Temple (1/1) D:7            Lair (8/8) D:11
  Swamp (0/4) Lair:5        Snake (0/4) Lair:3        Slime (0/6) Lair:6
    Orc (0/2) D:11

Altars:
Ashenzari
Cheibriados
Dithmenos
Elyvilon
Fedhas
Gozag
Kikubaaqudgha
Makhleb
Nemelex Xobeh
Okawaru
Pakellas
Qazlal
Ru
Sif Muna
Trog
Vehumet
Xom
Yredelemnul
Zin
The Shining One
Jiyva

Shops:
D:4 }   D:7 }

Annotations:
Lair:3 exclusion: hydra


Innate Abilities, Weirdness & Mutations

You cannot wear most types of armour.
You are amphibious.
You can wear up to eight rings at the same time.
You can use your tentacles to constrict eight enemies at once.
Your skin changes colour to match your surroundings (Stealth).
Your rubbery body absorbs attacks (AC +1).


Message History

You constrict the wasp! The wasp stings you!
* * * LOW HITPOINT WARNING * * *
The spriggan barely misses you.
You sock the wasp!
The wasp is moderately wounded.
You constrict the wasp. The wasp completely misses you. The wasp stings you.
* * * LOW HITPOINT WARNING * * *
The spriggan hits you with a rapier of flaming!
* * * LOW HITPOINT WARNING * * *
The spriggan burns you.
* * * LOW HITPOINT WARNING * * *
Drink which item? (? for menu, Esc to quit)
You feel better.
You constrict the wasp. The wasp stings you!
* * * LOW HITPOINT WARNING * * *
The spriggan hits you with a rapier of flaming.
* * * LOW HITPOINT WARNING * * *
The spriggan burns you.
* * * LOW HITPOINT WARNING * * *
The wasp stings you!
You die...

.....♣♣♣ ♣♣♣#####
♣....♣ ♣.##.#.#
♣..♣♣♣♣♣ ♣.÷P....
♣.....♣ #♣÷÷P... ♣
♣♣.....♣♣##PP...#
♣[
♣♣..♣♣....♣P.PP...
♣♣..
♣.[.♣♣♣...........
♣.... ♣..♣♣
♣♣♣♣......#.
♣.i...♣@.♣
♣...P#### ♣iy♣♣
♣P..PP..P ♣.h♣
♣PPP.P..... ♣...♣
♣....PP...# ♣...♣
♣....PPP... ♣..♣♣
♣..........# ...
♣........... .♣♣♣
♣...#....... ..


You could see a spriggan, a wolf and a wasp.

Vanquished Creatures
  Rupert (Lair:7)
  An azure jelly (Lair:6)
  A fire dragon (Lair:2)
  3 hydras
  Erica (D:10)
  Nergalle (Lair:2)
  9 death yaks
  The ghost of benitares the Martial Artist, a novice DsFi of Gozag (D:8)
  Pikel (D:6)
  2 griffons
  2 ugly things (D:11)
  Joseph (D:7)
  8 elephants (Lair:4)
  14 black mambas
  Psyche (D:9)
  4 komodo dragons
  10 spiny frogs
  3 trolls
  3 polar bears
  Prince Ribbit (D:5)
  Grinder (D:6)
  4 redbacks (Lair:8)
  20 blink frogs
  54 yaks
  2 shadows (D:11)
  2 hungry ghosts (D:7)
  2 spriggans (Lair:8)
  Grum (D:7)
  3 basilisks
  18 hippogriffs
  6 porcupines
  14 water moccasins
  6 swamp worms (Lair:5)
  29 wolves
  Duvessa (D:6)
  A necrophage (D:8)
  3 ice beasts
  3 sky beasts
  7 orc warriors
  2 centaurs
  4 black bears
  3 phantoms
  7 ogres
  11 crocodiles
  15 giant frogs
  Blork the orc (D:6)
  A big kobold (D:10)
  Dowan (D:6)
  3 scorpions
  2 troll zombies (D:11)
  2 jellies
  4 electric eels
  A centaur zombie (D:11)
  6 crimson imps
  3 hounds
  8 iguanas
  Crazy Yiuf (D:7)
  3 giant frog skeletons
  7 worker ants
  7 orc priests
  A killer bee zombie (D:7)
  17 orc wizards
  6 ogre zombies (D:11)
  24 sheep
  A hound skeleton (D:6)
  2 worker ant zombies
  51 river rats
  13 adders
  2 shadow imps
  2 oozes (Sewer)
  6 worms
  2 adder skeletons
  8 giant geckos
  63 orcs
  30 bats
  9 giant cockroaches
  3 goblins
  11 hobgoblins
  8 kobolds
  5 quokkas
  3 ball pythons (Lair:3)
  6 giant newts
  2 goblin skeletons (D:11)
  4 goblin zombies (D:11)
  2 hobgoblin skeletons (D:11)
  9 jackals
  A jackal skeleton (D:5)
  2 orc skeletons (D:11)
  15 orc zombies (D:11)
  A quokka zombie (D:9)
  16 rats
  19 fungi
  24 plants
705 creatures vanquished.

Vanquished Creatures (others)
  Sigmund (D:6)
  A slave (D:6)
  An adder skeleton (D:6)
  A bush (Lair:7)
  34 fungi
  10 plants
48 creatures vanquished.

Grand Total: 753 creatures vanquished

Notes
Turn   | Place    | Note
--------------------------------------------------------------
     0 | D:1      | JokEr the Octopode Fighter began the quest for the Orb.
     0 | D:1      | Reached XP level 1. HP: 16/16 MP: 1/1
    16 | D:1      | You fall through a shaft!
    35 | D:2      | Found a shimmering altar of Xom.
    95 | D:2      | Reached XP level 2. HP: 21/21 MP: 2/2
   146 | D:2      | Reached XP level 3. HP: 21/26 MP: 3/3
  1636 | D:3      | Reached XP level 4. HP: 33/33 MP: 4/4
  1679 | D:3      | Reached skill level 4 in Fighting
  1846 | D:3      | Found an oddly glowing altar of Pakellas.
  2168 | D:3      | Found a snail-covered altar of Cheibriados.
  2175 | D:3      | Reached XP level 5. HP: 35/37 MP: 5/5
  2684 | D:4      | Noticed an ogre
  2696 | D:4      | Killed an ogre
  2696 | D:4      | Reached skill level 5 in Fighting
  2696 | D:4      | Reached XP level 6. HP: 41/45 MP: 6/6
  2728 | D:4      | Found a glowing drain.
  2737 | Sewer    | Entered a sewer
  3321 | D:4      | Reached skill level 5 in Axes
  3638 | D:4      | Found Sonn's Gadget Emporium.
  3646 | D:4      | Found a shattered altar of Ashenzari.
  3825 | D:4      | Reached XP level 7. HP: 49/51 MP: 7/7
  3928 | D:4      | Reached skill level 6 in Fighting
  4309 | D:5      | Entered Level 5 of the Dungeon
  4453 | D:5      | Noticed Prince Ribbit
  4472 | D:5      | Killed Prince Ribbit
  4563 | D:5      | Reached XP level 8. HP: 58/58 MP: 8/8
  4611 | D:5      | Reached skill level 7 in Fighting
  5333 | D:6      | Noticed Blork the orc
  5341 | D:6      | Killed Blork the orc
  5402 | D:6      | Noticed Grinder
  5405 | D:6      | Killed Grinder
  5405 | D:6      | Reached skill level 8 in Fighting
  5507 | D:6      | Noticed Dowan
  5509 | D:6      | Noticed Duvessa
  5515 | D:6      | Killed Duvessa
  5515 | D:6      | Reached XP level 9. HP: 47/67 MP: 9/9
  5518 | D:6      | Killed Dowan
  5812 | D:6      | Noticed Pikel
  5820 | D:6      | Killed Pikel
  5820 | D:6      | Reached skill level 9 in Fighting
  5828 | D:6      | Noticed Sigmund
  5836 | D:6      | Killed Sigmund
  6476 | D:7      | HP: 1/70 [orc/hand axe (9)]
  6665 | D:7      | Noticed Joseph
  6674 | D:7      | Reached skill level 10 in Fighting
  6962 | D:7      | Killed Joseph
  6962 | D:7      | Reached skill level 10 in Axes
  6962 | D:7      | Reached XP level 10. HP: 39/77 MP: 10/10
  7518 | D:7      | Found a staircase to the Ecumenical Temple.
  7629 | Temple   | Entered the Ecumenical Temple
  7718 | Temple   | Became a worshipper of Warmaster Okawaru
  7833 | D:7      | Noticed Crazy Yiuf
  7837 | D:7      | Killed Crazy Yiuf
  7995 | D:7      | Found Kuwkal's Gadget Emporium.
  8677 | D:8      | Noticed Grum
  8694 | D:8      | HP: 2/77 [wolf[Grum] (5)]
  8699 | D:8      | HP: 1/77 [poisoned by a water moccasin]
  8707 | D:7      | HP: 1/77 [poisoned by a water moccasin]
  9071 | D:7      | Killed Grum
  9071 | D:7      | Reached * piety under Okawaru
  9356 | D:8      | Reached skill level 11 in Fighting
  9673 | D:8      | Noticed benitares's ghost (novice DsFi)
  9830 | D:8      | Killed benitares's ghost
  9830 | D:8      | Reached ** piety under Okawaru
 10898 | D:9      | Reached *** piety under Okawaru
 11065 | D:9      | Noticed Psyche
 11079 | D:9      | Killed Psyche
 11079 | D:9      | Reached XP level 11. HP: 55/85 MP: 11/11
 11330 | D:10     | Entered Level 10 of the Dungeon
 11386 | D:10     | Reached skill level 1 in Evocations
 11572 | D:10     | Noticed Erica
 11579 | D:10     | Killed Erica
 12249 | D:11     | Reached skill level 5 in Evocations
 12575 | D:11     | Reached **** piety under Okawaru
 12739 | D:11     | Reached skill level 1 in Stealth
 13333 | D:11     | Found a staircase to the Orcish Mines.
 13580 | D:11     | Reached skill level 5 in Stealth
 13796 | D:11     | Got an ancient flail
 13797 | D:11     | Identified the cursed +1 flail "Iwkealurph" {crush, rPois MP+9 Int+4} (You found it on level 11 of the Dungeon)
 13817 | D:11     | Found a staircase to the Lair.
 14466 | Lair:1   | Entered Level 1 of the Lair of Beasts
 15239 | Lair:1   | Reached ***** piety under Okawaru
 15239 | Lair:1   | Reached skill level 5 in Dodging
 15239 | Lair:1   | Reached XP level 12. HP: 34/91 MP: 16/16
 16146 | Lair:2   | Noticed Nergalle
 16183 | Lair:2   | Killed Nergalle
 17122 | Lair:2   | Received a gift from Okawaru
 17277 | Lair:2   | Noticed a fire dragon
 17448 | Lair:2   | Killed a fire dragon
 18090 | Lair:2   | Reached skill level 5 in Shields
 18493 | Lair:3   | Found a staircase to the Snake Pit.
 18511 | Lair:3   | Reached XP level 13. HP: 37/96 MP: 17/17
 20362 | Lair:4   | Found a white marble altar of Elyvilon.
 20370 | Lair:4   | Reached skill level 12 in Fighting
 21128 | Lair:4   | Received a gift from Okawaru
 21195 | Lair:4   | Got an iridescent hand axe {god gift}
 21196 | Lair:4   | Identified the +3 hand axe "Xyump" {venom, rF+ rC+ Str+4} (Okawaru gifted it to you on level 4 of the Lair of Beasts)
 21764 | Lair:4   | Gained mutation: Your magical capacity is low (-10% MP). [potion of mutation]
 21764 | Lair:4   | Gained mutation: Your body sometimes deteriorates upon taking damage. [potion of mutation]
 21764 | Lair:4   | Gained mutation: Scrolls take you a little longer to read. [potion of mutation]
 21859 | Lair:4   | Lost mutation: Your body sometimes deteriorates upon taking damage. [potion of cure mutation]
 21859 | Lair:4   | Lost mutation: Scrolls take you a little longer to read. [potion of cure mutation]
 21859 | Lair:4   | Lost mutation: Your magical capacity is low (-10% MP). [potion of cure mutation]
 22630 | Lair:5   | Found a staircase to the Swamp.
 23345 | Lair:6   | Reached skill level 13 in Fighting
 23351 | Lair:6   | Received a gift from Okawaru
 23578 | Lair:6   | Found a runed door.
 23579 | Lair:6   | Found a viscous altar of Jiyva.
 23579 | Lair:6   | Found a staircase to the Slime Pits.
 23580 | Lair:6   | Noticed an azure jelly
 23593 | Lair:6   | Killed an azure jelly
 23593 | Lair:6   | Reached XP level 14. HP: 10/106 MP: 3/18
 25626 | Lair:7   | Noticed Rupert
 25638 | Lair:7   | Killed Rupert
 25638 | Lair:7   | Received a gift from Okawaru
 26056 | Lair:7   | Reached skill level 14 in Fighting
 26171 | Lair:7   | Reached skill level 1 in Maces & Flails
 26329 | Lair:7   | HP: 2/108 [eight-headed hydra (5)]
 27086 | Lair:8   | Entered Level 8 of the Lair of Beasts
 28807 | Lair:8   | Slain by a wasp

Vault maps used:
D:1:      saegor_arrival_simple_f
D:2:      old_standard_altar, first_bread
D:3:      cheibriados_altar_wand_db, nicolae_overflow_crystal_walls
D:4:      ashenzari_conservatory_becter, serial_shops, nicolae_shop_trees,
          portal_sewer_entry_d
D:5:      uniq_prince_ribbit1
D:6:      uniq_sigmund, uniq_duvessa, uniq_grinder, uniq_blork_the_orc,
          uniq_pikel
D:7:      minmay_temple_entry_statues_pillars, serial_bayou,
          serial_bayou_shore_a, serial_bayou_lagoon_a, serial_bayou_pond_b,
          serial_bayou_shore_b, serial_shops, nicolae_shop_stone, uniq_joseph,
          uniq_crazy_yiuf_cottage
D:8:      uniq_grum
D:9:      uniq_psyche
D:10:     uniq_erica
D:11:     grunt_lair_entry_orc_guard_hut, zombieorc2_lemuel
Temple:   nicolae_temple_elliptical
Lair:1:   grunt_megastairs_2, lemuel_fruit_fields
Lair:2:   dragon1_lemuel, uniq_nergalle
Lair:3:   minmay_snake_entry_six_corridors, serial_bayou_shore_b,
          serial_bayou_shore_b
Lair:4:   basic_altar, serial_bayou_pond_b
Lair:5:   nicolae_swamp_entry_splash_gauntlet, portal_ice_cave_entry_pillars_02
Lair:6:   slime_altar_2, serial_bayou_pond_d, minivault_24
Lair:7:   uniq_rupert
Lair:8:   minmay_lair_end_enchanted_forest
Sewer:    sewer_fruit_machine

Action                   |  1- 3 |  4- 6 |  7- 9 | 10-12 | 13-15 || total
-------------------------+-------+-------+-------+-------+-------++-------
Melee: War axe           |    58 |    77 |   132 |   577 |   156 ||  1000
       Hand axe          |       |       |       |       |   340 ||   340
       Great mace        |       |       |       |       |   164 ||   164
       Executioner's axe |       |       |       |       |     6 ||     6
Invok: Heroism           |       |       |       |     8 |    20 ||    28
       Finesse           |       |       |       |     1 |     5 ||     6
Evoke: Wand              |       |     2 |       |     7 |       ||     9
  Use: Scroll            |     6 |     3 |     4 |    17 |    13 ||    43
       Potion            |       |     1 |     4 |     5 |    24 ||    34
 Stab: Sleeping          |    11 |     9 |     7 |    18 |    40 ||    85
       Distracted        |       |     2 |       |     4 |       ||     6
  Eat: Chunk             |     2 |     7 |     8 |    14 |     9 ||    40
       Bread ration      |       |       |     1 |     2 |     2 ||     5
       Fruit             |       |       |       |    16 |     7 ||    23
       Royal jelly       |       |       |       |       |     5 ||     5
       Pizza             |       |       |       |       |     2 ||     2
       Beef jerky        |       |       |       |       |     1 ||     1
